 Dungeon Crawl Stone Soup version 0.24-a0-582-g4d4af81 (console) character file.

Game seed: 3531664192790436260

3983 vegansnacktivist the Severer (level 10, 30/81 HPs)
             Began as a Deep Dwarf Fighter on Aug 28, 2019.
             Was an Initiate of Makhleb.
             Quit the game on level 7 of the Dungeon.
             The game lasted 00:08:05 (3119 turns).

vegansnacktivist the Severer (Deep Dwarf Fighter)   Turns: 3119, Time: 00:08:05

Health: 30/81      AC: 12    Str: 23    XL:     10   Next: 2%
Magic:  4/4        EV:  7    Int:  9    God:    Makhleb [......]
Gold:   265        SH:  9    Dex: 12    Spells: 9/9 levels left

rFire    . . .     SeeInvis .   a - +0 war axe
rCold    . . .     Gourm    .   c - +0 shield
rNeg     . . .     Faith    .   b - +0 scale mail
rPois    +         Spirit   .   (no helmet)
rElec    .         Reflect  .   (no cloak)
rCorr    +         Harm     .   g - +2 pair of gloves
MR       +....                  l - +1 pair of boots
Stlth    ..........             (no amulet)
HPRegen  0.00/turn              r - ring of poison resistance
MPRegen  0.09/turn              x - ring of resist corrosion

@: non-regenerating
A: damage resistance, heal wounds, sense surroundings 2, no regeneration
a: Heal Wounds, Renounce Religion


You were on level 7 of the Dungeon.
You worshipped Makhleb.
Makhleb was noncommittal.
You were not hungry.

You visited 1 branch of the dungeon, and saw 7 of its levels.
You also visited: Ossuary.

You collected 265 gold pieces.

Inventory:

Hand Weapons
 a - a +0 war axe (weapon)
Missiles
 h - a throwing net (quivered)
 k - 35 poisoned darts
 v - 2 curare-tipped darts
Armour
 b - a +0 scale mail (worn)
 c - a +0 shield (worn)
 g - a +2 pair of gloves (worn)
 l - a +1 pair of boots (worn)
 B - the +0 buckler "Ufriukh" {Int+6 Slay-4 SInv}
   (You found it on level 7 of the Dungeon)

   It affects your intelligence (+6).
   It affects your accuracy and damage with ranged weapons and melee attacks
   (-4).
   It lets you see invisible.
Jewellery
 r - a ring of poison resistance (left hand)
 x - a ring of resist corrosion (right hand)
Scrolls
 e - a scroll of enchant armour
 i - 2 scrolls of remove curse
 m - 2 scrolls of holy word {unknown}
 q - 3 scrolls of teleportation
 y - 2 scrolls of amnesia {unknown}
 z - a scroll of noise {unknown}
 A - a scroll of fear {unknown}
 C - 2 scrolls of magic mapping {unknown}
 D - a scroll of brand weapon {unknown}
 F - a scroll of identify
Potions
 d - a potion of might
 j - 7 potions of curing
 n - a potion of brilliance
 o - a potion of heal wounds
 p - a potion of cancellation
 s - a potion of ambrosia
 t - a potion of mutation
 u - a potion of haste
 E - a potion of flight {unknown}
Comestibles
 f - 8 rations


   Skills:
 - Level 2.6 Fighting
 + Level 15.0 Axes
 - Level 3.2 Armour
 - Level 3.2 Shields


You had 9 spell levels left.
You didn't know any spells.
Your spell library contained the following spells:

 Spells                   Type           Power        Failure   Level  Hunger
 Animate Skeleton         Necr           N/A          99%         1    ##.....
 Apportation              Tloc           #.....       99%         1    ##.....
 Confusing Touch          Hex            #.....       99%         1    ##.....
 Summon Small Mammal      Summ           #...         99%         1    ##.....
 Confuse                  Hex            #.......     100%        3    ####...
 Gell's Gravitas          Tloc           #.........   100%        3    ####...
 Petrify                  Tmut/Erth      #.......     100%        4    #####..
 Metabolic Englaciation   Hex/Ice        #.........   100%        5    ######.
 Yara's Violent Unravell  Hex/Tmut       #.........   100%        5    ######.


Dungeon Overview and Level Annotations

Branches:
Dungeon (7/15)            Ossuary (visited)
 Temple: D:4-7

Altars:
Cheibriados
Makhleb
Sif Muna
Xom
Yredelemnul


Innate Abilities, Weirdness & Mutations

You are resistant to damage.
You can heal yourself by infusing magical energy.
You passively map the area around you.
You do not regenerate.


Message History

Found a shimmering blue altar of Sif Muna.
There is an open door here.
You enter the shallow water.
Moving in this stuff is going to be slow.
There is an open door here.
There is a stone staircase leading down here.
Eating one of 6 chunks of flesh.
You eat one of the 6 chunks of flesh.
This raw flesh tastes terrible.
Things that are here:
a +0 short sword; a +0 chain mail; an orc skeleton You see here 2 stones.
All of the chunks of flesh in your inventory have rotted away.
Found a burning altar of Makhleb.
You pick up a book of Cantrips and begin reading...
You add the spells Animate Skeleton, Summon Small Mammal and Apportation to your library.
There is an open door here.
There is a burning altar of Makhleb here.
You kneel at the altar of Makhleb.
Makhleb welcomes you!
Are you sure you want to abandon this character and quit the game? (Confirm with "yes".)

##...........#.##.##...####.
####..................###..
###.....##..............
####..................
*#...##.............
........###........
#####...# ###...... *
#...#...###........
#.@.'.8..###...##..
#...#.....#....####
*#####...........###
,...###.....##.... ...#*
###.####...# ### ### ##### #


There were no monsters in sight!

Vanquished Creatures
  2 deep elf magi (D:7)
  A hippogriff (D:7)
  A wyvern (D:5)
  Menkaure (D:6)
  A black bear (D:6)
  3 sky beasts
  4 ogres
  2 centaurs (D:6)
  A big kobold (D:7)
  4 bullfrogs
  4 scorpions
  A howler monkey (D:4)
  8 crimson imps
  4 centaur zombies (Ossuary)
  A bullfrog skeleton (D:6)
  A hound (D:6)
  A gnoll shaman (D:5)
  4 orc priests
  A jelly (D:6)
  Natasha (thrice) (D:2)
  4 iguanas
  6 orc wizards
  3 worker ants
  A killer bee zombie (D:6)
  4 big kobold zombies (Ossuary)
  A hound zombie (D:6)
  6 mummies (Ossuary)
  3 gnolls (D:5)
  2 adders
  A howler monkey skeleton (D:7)
  A shadow imp (D:7)
  2 adder zombies (D:5)
  An adder skeleton (D:7)
  A worm (D:2)
  A dart slug (D:2)
  A leopard gecko (D:5)
  20 orcs
  A ball python (D:4)
  3 bats
  5 giant cockroaches
  A goblin (D:1)
  5 hobgoblins
  5 jackals
  9 kobolds
  4 quokkas
  2 frilled lizards
  2 hobgoblin zombies (Ossuary)
  A jackal skeleton (D:7)
  A leopard gecko skeleton (D:4)
  2 rats
147 creatures vanquished.

Vanquished Creatures (others)
  2 kobolds (D:7)
2 creatures vanquished.

Grand Total: 149 creatures vanquished

Notes
Turn   | Place    | Note
-------+----------+-------------------------------------------
     0 | D:1      | vegansnacktivist the Deep Dwarf Fighter began the quest for
                  | the Orb.
     0 | D:1      | Reached XP level 1. HP: 20/20 MP: 1/1
   103 | D:1      | Reached skill level 3 in Axes
   114 | D:1      | Reached XP level 2. HP: 27/27 MP: 2/2
   345 | D:2      | Found a snail-covered altar of Cheibriados.
   362 | D:2      | Noticed Natasha
   364 | D:2      | Noticed a crimson imp
   382 | D:2      | Killed Natasha
   382 | D:2      | Reached skill level 4 in Axes
   382 | D:2      | Reached XP level 3. HP: 26/33 MP: 3/3
   431 | D:2      | Noticed Natasha
   435 | D:2      | Killed Natasha
   435 | D:2      | Reached XP level 4. HP: 22/40 MP: 4/4
   442 | D:2      | Noticed Natasha
   445 | D:2      | Killed Natasha
   445 | D:2      | Reached skill level 5 in Axes
   673 | D:4      | Reached skill level 6 in Axes
   673 | D:4      | Reached XP level 5. HP: 18/46 MP: 5/5
   831 | D:4      | Found a sand-covered staircase.
   835 | Ossuary  | Entered an ossuary
   855 | Ossuary  | Reached skill level 7 in Axes
   856 | Ossuary  | Reached XP level 6. HP: 32/55 MP: 5/5
   924 | Ossuary  | Reached skill level 8 in Axes
  1064 | D:4      | Reached XP level 7. HP: 49/61 MP: 4/4
  1537 | D:5      | Entered Level 5 of the Dungeon
  1611 | D:5      | Reached skill level 9 in Axes
  1688 | D:5      | Noticed a wyvern
  1700 | D:5      | Killed a wyvern
  1794 | D:5      | Reached skill level 10 in Axes
  1837 | D:5      | Found a shimmering altar of Xom.
  1841 | D:5      | Reached XP level 8. HP: 54/68 MP: 5/5
  2013 | D:5      | Found a basalt altar of Yredelemnul.
  2166 | D:6      | Reached skill level 11 in Axes
  2328 | D:6      | Reached skill level 12 in Axes
  2358 | D:6      | Noticed Menkaure
  2435 | D:6      | Gained mutation: You passively map the area around you.
                  | [Deep Dwarf growth]
  2435 | D:6      | Reached XP level 9. HP: 28/74 MP: 5/5
  2445 | D:6      | Killed Menkaure
  2548 | D:6      | Reached skill level 13 in Axes
  2811 | D:7      | Noticed a deep elf mage
  2812 | D:7      | Noticed a deep elf mage
  2826 | D:7      | Reached skill level 14 in Axes
  2828 | D:7      | Killed a deep elf mage
  2837 | D:7      | Killed a deep elf mage
  2837 | D:7      | Reached skill level 15 in Axes
  2845 | D:7      | Reached XP level 10. HP: 42/81 MP: 4/4
  2900 | D:7      | Got a bloodstained buckler
  2915 | D:7      | Identified the +0 buckler "Ufriukh" {Int+6 Slay-4 SInv}
                  | (You found it on level 7 of the Dungeon)
  3035 | D:7      | Found a shimmering blue altar of Sif Muna.
  3109 | D:7      | Found a burning altar of Makhleb.
  3118 | D:7      | Became a worshipper of Makhleb the Destroyer
  3119 | D:7      | Quit the game

Levels and vault maps discovered:
D:1:      sevenhm_arrival_forest_fort_small_5, layout_loops_ring
D:2:      layout_loops_ring, kennysheep_slug_shrine, first_ration, uniq_natasha
D:3:      layout_basic, vehumet_crystals, serial_forest,
          infiniplex_forest_clump_medium, infiniplex_forest_lined_room_3,
          infiniplex_forest_corner_1, infiniplex_forest_lined_corner,
          infiniplex_forest_corner_1, infiniplex_forest_straight_2,
          infiniplex_forest_3_way, infiniplex_forest_fountain,
          minmay_misc_feat_iff
D:4:      layout_basic, enter_ossuary_5
D:5:      layout_basic, old_standard_altar, led_xom_imps
D:6:      layout_rooms, uniq_menkaure
D:7:      layout_cave_pools, led_sif_pool, minmay_temple_entry_oklob,
          david_defended_altar_elf

Skill      XL: |  1  2  3  4  5  6  7  8  9 |
---------------+----------------------------+-----
Axes           | 3 4 6 7 8 10 12 15 | 15.0
Fighting       | |  2.6
Armour         | |  3.2
Shields        | |  3.2

Action                   |  1- 3 |  4- 6 |  7- 9 | 10-12 || total
-------------------------+-------+-------+-------+-------++-------
Melee: War axe           |    65 |   113 |   292 |    13 ||   483
Throw: Dart              |       |     3 |    14 |       ||    17
       Throwing net      |       |       |     7 |       ||     7
 Abil: Heal Wounds       |       |     4 |    13 |       ||    17
  Use: Scroll            |       |    10 |     4 |       ||    14
       Potion            |       |     1 |     1 |       ||     2
 Stab: Held in net/web   |       |       |     2 |       ||     2
  Eat: Ration            |       |       |     1 |       ||     1
       Chunk             |       |       |     4 |     1 ||     5
Armor: Scale mail        |    28 |    49 |   154 |     3 ||   234
       Skin              |       |    17 |     1 |       ||    18
Dodge: Dodged            |    20 |    41 |   104 |     1 ||   166
Block: Shield            |    32 |    68 |   162 |     3 ||   265

Table legend:
 A = Non-vault XP
 B = Vault XP
 C = Vault XP percentage of total XP
 D = Non-vault monster count
 E = Vault monster count
 F = Vault count percentage of total count
                 A         B        C        D         E       F
            +---------+---------+-------+---------+---------+-------
      Total |    3773 |    1917 |  33.7 |     122 |      25 |  17.0
            +---------+---------+-------+---------+---------+-------
        D:1 |      24 |       0 |   0.0 |      13 |       0 |   0.0
        D:2 |      84 |      40 |  32.3 |       9 |       2 |  18.2
        D:3 |       8 |       0 |   0.0 |       5 |       0 |   0.0
        D:4 |     268 |       0 |   0.0 |       9 |       0 |   0.0
        D:5 |     676 |     192 |  22.1 |      17 |       4 |  19.0
        D:6 |    1461 |     183 |  11.1 |      25 |       1 |   3.8
        D:7 |    1252 |    1118 |  47.2 |      44 |       2 |   4.3
    Ossuary |       0 |     384 | 100.0 |       0 |      16 | 100.0
            +---------+---------+-------+---------+---------+-------
